Map: Lerilak Crest

Players

MarineLorD - Winner!

  • Race: Terran Terran
  • League: Master

Elroye

  • Race: Zerg Zerg

Event: DreamHack ZOWIE Open Leipzig

VOD

Have the link to the VOD?

Description

Time

  • Played on: Jan. 22, 2016, 9:20 a.m.
  • Length: 9:14

All games in this series

Show
View Real Time Build Order
Export as new Build Order

MarineLorD Terran - Winner!

Build Orders: Reaper Expand, MMM Bio 

Get SALT Encoding   

  12  0:01  SCV  
  13  0:13  SCV  
  14  0:17  Supply Depot  
  14  0:25  SCV  
  15  0:39  SCV  
  15  0:40  Barracks  
  16  0:45  Refinery  
  16  0:51  SCV  
  17  1:03  SCV  
  18  1:15  SCV  
  19  1:27  Orbital Command  
  19  1:29  Reaper  
  20  1:40  Command Center  
  20  1:51  Supply Depot  
  20  1:53  SCV  
  21  2:01  Marine  
  21  2:05  SCV  
  23  2:12  Factory  
  23  2:17  SCV  
  23  2:19  Refinery  
  24  2:23  Barracks Reactor  
  24  2:29  SCV  
  25  2:41  SCV  
  26  2:53  SCV  
  26  2:54  Orbital Command  
  27  2:59  Widow Mine  
  27  3:01  Marine x2  
  27  3:03  Starport  
  31  3:05  SCV  
  31  3:06  Bunker  
  32  3:17  SCV  
  32  3:19  Marine x2  
  35  3:27  SCV  
  35  3:30  SCV, Factory Tech Lab  
  37  3:34  Supply Depot  
  37  3:36  Supply Depot  
  37  3:40  Medivac  
  39  3:41  SCV  
  39  3:42  SCV  
  39  3:43  Marine x2  
  43  3:50  Siege Tank  
  46  3:56  SCV x2  
  46  4:00  Liberator  
  46  4:01  Marine x2  
  49  4:03  Supply Depot  
  49  4:08  SCV  
  50  4:14  SCV  
  54  4:25  Supply Depot  
  54  4:26  SCV  
  55  4:31  Factory Reactor  
  55  4:33  SCV  
  55  4:38  SCV  
  57  4:40  Marine  
  57  4:45  SCV  
  57  4:48  Liberator  
  57  4:50  SCV  
  55  4:56  Command Center  
  55  4:57  SCV  
  55  4:58  Marine  
  58  5:09  SCV x2  
  58  5:14  Stimpack  
  60  5:16  Marine  
  61  5:21  SCV x2  
  61  5:23  Barracks  
  61  5:24  Barracks  
  63  5:29  Factory Reactor  
  63  5:33  Supply Depot, Marine, Refinery, SCV x2  
  63  5:34  Refinery  
  66  5:43  Engineering Bay  
  66  5:45  SCV  
  66  5:46  Engineering Bay  
  66  5:48  SCV  
  67  5:51  Marine  
  68  5:58  SCV  
  68  6:00  Barracks  
  68  6:01  SCV  
  68  6:02  Barracks  
  70  6:09  Marine  
  70  6:10  SCV  
  72  6:12  Marine x3  
  72  6:13  SCV  
  72  6:14  Marine  
  72  6:18  Factory Tech Lab  
  78  6:22  SCV  
  78  6:25  SCV, Orbital Command  
  79  6:27  Marine  
  79  6:30  Marine x3  
  83  6:34  SCV  
  83  6:35  Terran Infantry Weapons Level 1, Terran Infantry Armor Level 1  
  83  6:36  Marine  
  83  6:38  SCV  
  86  6:45  Marine  
  86  6:46  SCV, Siege Tank, Medivac  
  90  6:47  Marine, Medivac  
  90  6:50  SCV  
  90  6:53  Marine  
  95  6:55  Orbital Command  
  95  6:58  SCV  
  95  6:59  Marine  
  97  7:03  SCV, Marine  
  97  7:06  Supply Depot, Marine  
  100  7:08  Supply Depot  
  100  7:10  SCV  
  100  7:11  Supply Depot  
  100  7:14  Barracks Tech Lab  
  101  7:16  Barracks Reactor  
  101  7:22  Armory  
  101  7:25  Marine  
  101  7:27  SCV, Marine x3  
  101  7:28  Siege Tank  
  101  7:29  Marine  
  106  7:32  Medivac  
  106  7:33  Combat Shields  
  106  7:36  Medivac  
  111  7:39  SCV  
  111  7:43  Marine  
  111  7:45  Marine x2  
  111  7:49  Supply Depot  
  114  7:51  SCV, Supply Depot x2  
  114  7:52  Marauder, Marine  
  114  7:54  Refinery  
  114  7:55  SCV  
  114  7:56  SCV, Refinery  
  118  7:58  Marine  
  118  7:59  Marine  
  118  8:01  Marine x2  
  118  8:02  Medivac  
  118  8:03  SCV  
  125  8:09  SCV  
  125  8:14  Marine x2  
  125  8:15  Marine  
  125  8:17  Marine x3  
  125  8:19  Marine  
  127  8:20  Marine  
  127  8:24  Siege Tank  
  131  8:27  Factory  
  131  8:32  Marine x2  
  131  8:33  Marine  
  133  8:35  Marine x3  
  133  8:37  Marine  
  133  8:38  Marine  
  132  8:49  Command Center  
  132  8:50  Marine x3  
  132  8:52  Marine  
  132  8:53  Marine x2  
  132  8:54  Marine  
  141  8:55  Marine  
  141  9:00  Supply Depot  
  141  9:01  Supply Depot  
  141  9:02  Supply Depot  
Show
View Real Time Build Order
Export as new Build Order

Elroye Zerg 

Build Orders: Hatch First 

Get SALT Encoding   

  12  0:00  Drone  
  13  0:13  Overlord  
  13  0:17  Drone  
  14  0:31  Drone  
  14  0:32  Drone  
  16  0:37  Drone  
  17  0:54  Hatchery  
  17  0:56  Drone  
  17  0:58  Drone  
  17  1:03  Extractor  
  17  1:13  Spawning Pool  
  17  1:16  Drone  
  17  1:20  Drone  
  18  1:29  Drone  
  19  1:41  Overlord  
  19  1:52  Drone  
  21  2:01  Queen, Zergling x2  
  21  2:05  Queen  
  21  2:06  Zergling x2  
  21  2:07  Metabolic Boost  
  26  2:14  Drone  
  27  2:17  Drone  
  28  2:25  Zergling x2  
  28  2:29  Overlord  
  29  2:34  Drone  
  30  2:38  Drone  
  30  2:45  Drone  
  30  2:46  Queen  
  30  2:51  Drone  
  34  2:58  Drone  
  35  3:02  Drone  
  36  3:06  Drone  
  37  3:16  Hatchery, Drone  
  37  3:17  Drone x2  
  37  3:18  Drone x2  
  37  3:19  Overlord  
  41  3:29  Overlord  
  41  3:33  Overlord x2  
  41  3:39  Overlord  
  41  3:49  Zergling x10  
  41  3:51  Zergling x2  
  47  4:00  Zergling x2  
  47  4:03  Zergling x4  
  47  4:04  Zergling x2  
  47  4:09  Lair, Drone  
  51  4:10  Drone  
  51  4:13  Extractor  
  51  4:15  Drone, Extractor  
  51  4:16  Drone  
  53  4:17  Drone x2  
  53  4:21  Roach Warren  
  53  4:25  Extractor  
  53  4:26  Drone x2  
  53  4:30  Spore Crawler  
  53  4:32  Zergling x2  
  45  4:49  Zergling x6  
  46  4:58  Drone  
  46  4:59  Drone x5  
  50  5:01  Queen  
  50  5:04  Drone  
  50  5:05  Drone  
  54  5:09  Drone  
  54  5:10  Queen  
  56  5:15  Zergling x4  
  56  5:19  Zergling x2  
  58  5:22  Glial Reconstitution  
  58  5:26  Evolution Chamber  
  58  5:27  Drone x3  
  60  5:33  Evolution Chamber, Zergling x2  
  60  5:35  Zergling x2  
  61  5:38  Zergling x2  
  61  5:39  Zergling x4  
  61  5:41  Drone  
  65  5:44  Drone  
  65  5:48  Drone x4  
  69  5:53  Drone x2  
  69  5:58  Overlord  
  66  6:07  Drone x2  
  68  6:12  Overlord  
  68  6:13  Drone  
  68  6:15  Drone x3  
  68  6:18  Drone x3  
  75  6:20  Zerg Missile Weapons Level 1  
  70  6:45  Drone x5  
  70  6:46  Extractor  
  72  6:51  Roach x2  
  72  6:52  Roach x3  
  81  6:55  Zerg Ground Armor Level 1  
  81  7:09  Queen  
  81  7:11  Overlord  
  77  7:19  Queen  
  79  7:27  Ravager  
  79  7:28  Ravager x2  
  79  7:29  Drone  
  81  7:30  Drone x3  
  81  7:31  Overlord  
  81  7:34  Drone x2  
  81  7:35  Drone  
  81  7:36  Overlord, Roach  
  88  7:40  Roach  
  88  7:43  Overlord x2  
  89  7:46  Overlord x2  
  89  7:48  Extractor  
  89  7:50  Roach x3  
  94  7:53  Roach x2  
  94  7:56  Overlord  
  98  8:01  Burrow  
  98  8:02  Roach  
  98  8:04  Roach  
  102  8:08  Roach x2  
  97  8:18  Roach x3  
  97  8:19  Roach  
  89  8:22  Roach  
  89  8:23  Roach x3  
  89  8:24  Roach  
  97  8:33  Roach x2  
  97  8:36  Ravager  
  94  8:41  Overlord  
  92  8:51  Overlord  
  92  8:53  Overlord  

Tags
 
Add a new tag
Caveats
  • Supply blocks, unpowered buildings, or Contaminate may cause inaccurate times.
  • Supply counts are checked every 10 seconds.